Map: Frost LE

Players

Rabid - Winner!

  • Race: Terran Terran

A.I. 1 (Medium)

  • Race: Terran Terran

VOD

Have the link to the VOD?

Description

Time

  • Played on: July 6, 2016, 6:29 p.m.
  • Length: 9:27
Show
View Real Time Build Order
Export as new Build Order

Rabid Terran - Winner!

Build Orders: Bio Tank 

Get SALT Encoding   

  12  0:02  SCV  
  13  0:14  SCV  
  14  0:20  Supply Depot  
  14  0:26  SCV  
  15  0:33  Refinery  
  15  0:42  SCV  
  16  0:45  Barracks  
  16  0:54  SCV  
  17  1:06  SCV  
  18  1:15  Supply Depot  
  18  1:18  SCV  
  19  1:30  SCV  
  20  1:34  Factory  
  20  1:42  SCV  
  20  1:44  Barracks Tech Lab  
  21  1:54  SCV  
  21  2:02  Refinery  
  21  2:08  Orbital Command  
  21  2:22  Barracks Tech Lab  
  21  2:34  Siege Tank  
  24  2:42  Marine  
  25  2:44  Command Center  
  25  2:46  SCV  
  26  2:59  Supply Depot, SCV  
  26  3:02  Marine  
  28  3:09  Siege Tank  
  31  3:21  SCV  
  31  3:23  Supply Depot, Marine  
  31  3:26  Stimpack  
  33  3:33  SCV  
  34  3:45  SCV  
  35  3:53  Marine  
  35  3:54  Siege Tank  
  39  3:57  SCV  
  39  4:00  Starport  
  40  4:07  Orbital Command  
  40  4:09  SCV  
  41  4:21  SCV, Barracks  
  41  4:24  Barracks  
  33  4:45  SCV  
  33  4:48  SCV  
  33  4:51  Medivac  
  37  4:57  Marauder  
  37  4:58  SCV  
  40  5:00  SCV  
  40  5:01  Siege Tank  
  40  5:06  Supply Depot  
  44  5:10  SCV  
  44  5:11  Refinery  
  44  5:13  SCV  
  46  5:14  Refinery  
  45  5:21  Medivac  
  45  5:22  SCV  
  45  5:26  Bunker  
  48  5:35  SCV x2  
  50  5:37  Marine x2  
  50  5:47  SCV  
  48  5:55  Marine  
  47  5:57  Barracks Reactor x2  
  47  5:58  Medivac  
  47  6:00  SCV, Siege Tank  
  53  6:13  Supply Depot  
  53  6:19  Engineering Bay  
  53  6:22  Marine  
  54  6:28  SCV  
  54  6:30  Combat Shields  
  54  6:32  Siege Tank  
  58  6:34  Marine x2  
  58  6:35  Marine x2  
  62  6:40  Marine  
  62  6:41  Medivac  
  65  6:47  SCV  
  66  6:57  Supply Depot  
  66  6:58  Marauder  
  66  6:59  SCV  
  69  7:03  Marine x4  
  69  7:08  Supply Depot  
  73  7:09  Supply Depot  
  73  7:10  Siege Tank  
  76  7:19  Marine  
  76  7:20  Marine x2  
  76  7:21  Marine x2  
  81  7:37  Marine  
  81  7:39  Marine x4  
  81  7:41  Medivac  
  81  7:42  Siege Tank  
  91  7:47  Supply Depot  
  91  7:49  Supply Depot  
  91  7:50  Supply Depot  
  91  7:54  Marine  
  87  8:11  Medivac  
  88  8:17  Marine x2  
  88  8:18  Marine x2  
  92  8:20  Siege Tank  
  92  8:23  Marauder  
  97  8:41  Medivac  
  97  8:44  Marauder  
  97  8:47  Marine  
  97  8:48  Marine x3  
  105  8:52  Siege Tank  
  108  8:55  Command Center  
  108  9:05  Marine x4  
  108  9:06  Marine  
Show
View Real Time Build Order
Export as new Build Order

A.I. 1 (Medium) Terran 

Build Orders:  

Get SALT Encoding   

  12  0:00  SCV  
  13  0:13  SCV  
  14  0:19  Supply Depot  
  14  0:25  SCV  
  15  0:40  SCV  
  16  0:42  Barracks  
  16  0:50  Refinery  
  16  0:52  SCV  
  17  1:04  SCV  
  18  1:17  Supply Depot  
  18  1:30  Marine  
  19  1:34  Orbital Command, Barracks  
  19  1:43  Refinery  
  19  1:49  Barracks Tech Lab  
  19  2:07  Marine  
  20  2:13  Supply Depot  
  20  2:25  Marine  
  20  2:27  Marine  
  22  2:32  SCV  
  23  2:43  Marauder  
  25  2:44  SCV  
  25  2:45  Marine  
  25  2:49  Supply Depot  
  27  2:55  Engineering Bay  
  27  2:57  SCV  
  28  3:02  Marine  
  31  3:05  Marauder  
  31  3:09  SCV  
  32  3:21  SCV  
  35  3:27  Marauder  
  35  3:33  SCV  
  36  4:35  Marine  
  36  4:42  Marine  
  36  4:58  SCV, Reaper  
  38  5:00  Factory  
  38  5:04  Factory  
  38  5:05  Command Center  
  38  5:06  Marine  
  39  5:07  Supply Depot  
  39  5:09  Missile Turret x2  
  39  5:14  Sensor Tower  
  39  5:18  Barracks  
  39  5:24  SCV  
  39  5:25  Barracks Tech Lab  
  40  5:29  Bunker  
  40  5:30  Marauder  
  41  5:43  Reaper  
  41  5:47  Starport  
  41  5:48  Factory Tech Lab  
  41  5:49  Factory Tech Lab  
  36  5:50  Armory  
  36  5:51  Marine  
  33  6:05  Barracks Reactor  
  33  6:09  Marine  
  34  6:15  Marauder  
  34  6:17  SCV  
  37  6:19  SCV  
  37  6:23  Starport Tech Lab  
  38  6:27  Marauder, Missile Turret  
  38  6:29  SCV  
  38  6:31  SCV  
  42  6:36  Marine  
  43  6:40  Marine  
  43  6:41  Raven, SCV, Missile Turret  
  43  6:44  SCV  
  48  6:50  Marauder  
  48  6:53  SCV  
  51  6:56  SCV  
  51  6:58  Marine  
  53  7:02  Bunker  
  53  7:05  SCV  
  53  7:06  Marine  
  53  7:08  SCV  
  56  7:17  SCV  
  56  7:20  SCV  
  58  7:22  Refinery  
  58  7:24  Raven  
  58  7:29  SCV  
  61  7:30  Refinery  
  61  7:32  SCV  
  61  7:37  Supply Depot  
  62  7:41  SCV  
  63  7:44  SCV  
  64  7:53  SCV  
  64  7:56  SCV  
  66  8:02  Reaper  
  58  8:05  SCV  
  58  8:08  SCV  
  58  8:10  Marine  
  52  8:18  SCV  
  52  8:19  Reaper  
  54  8:20  Raven, SCV  
  54  8:25  Supply Depot  
  53  8:28  Marine  
  53  8:30  SCV  
  53  8:32  SCV  
  52  8:35  Hellion  
  48  8:42  SCV  
  48  8:43  Hellion  
  41  8:54  SCV  
  31  8:57  Hellion  
  31  8:59  Marine  
  30  9:06  SCV  
  30  9:07  Marine  
Tags
 
Composition
Bio Tank
Matchup
TvT
Race
Terran
Replay Pack
Ruins of Endion
Add a new tag
Caveats
  • Supply blocks, unpowered buildings, or Contaminate may cause inaccurate times.
  • Supply counts are checked every 10 seconds.